 Dungeon Crawl Stone Soup version 0.31.0-11-ge490571c62 (webtiles) character file.

Game seed: 623324115020271972

27 qw the Shooter (level 2, 0/16 HPs)
             Began as a Deep Elf Hunter on Feb 4, 2024.
             Succumbed to their own poison gas
             ... on level 1 of the Dungeon.
             The game lasted 00:00:02 (603 turns).

qw the Shooter (Deep Elf Hunter)                     Turns: 603, Time: 00:00:02

Health: 0/16       AC:  3    Str:  8    XL:     2   Next: 93%
Magic:  4/4        EV: 12    Int: 13    God:
Gold:   26         SH:  0    Dex: 18    Spells: 1/1 levels left

rFire   . . .        a - +0 shortbow
rCold   . . .        (shield currently unavailable)
rNeg    . . .        c - +0 leather armour
rPois   .            (no helmet)
rElec   .            (no cloak)
rCorr   +            (no gloves)
SInv    .            (no boots)
Will    .....        (no amulet)
Stlth   ++           i - ring of resist corrosion
HPRegen 0.22/turn    (no ring)
MPRegen 0.09/turn

%: no passive effects
@: lethally poisoned (0 -> -2)
A: no striking features
a: no special abilities


You were on level 1 of the Dungeon.
You visited 1 branch of the dungeon, and saw 1 of its levels.

You collected 26 gold pieces.


   Skills:
 - Level 1.5 Fighting
 + Level 6.6 Ranged Weapons
 - Level 2.4 Dodging
 - Level 1.2 Stealth


You had one spell level left.
You didn't know any spells.
Your spell library was empty.

Inventory:

Hand Weapons
 a - a +0 shortbow (weapon)
Armour
 c - a +0 leather armour (worn)
Jewellery
 i - a ring of resist corrosion (left hand)

Dungeon Overview and Level Annotations

Branches:
Dungeon (1/15)

Altars:


Message History

You feel momentarily disoriented.
It was a scroll of revelation.
Done exploring.
593 ||| READING scroll labelled IREOXE ASKIA.
The air fills with toxic fumes!
As you read the scroll labelled IREOXE ASKIA, it crumbles to dust.
It was a scroll of poison.
Done exploring.
594 ||| DROPPING scroll of butterflies.
You drop a scroll of butterflies.
Done exploring.
595 ||| DROPPING potion of ambrosia.
You drop a potion of ambrosia.
Done exploring.
What level of the Dungeon? (default 1, ? - help) Sorry, I don't know how to get there.
Enter note:
Enter note:
Enter note:
Enter note:
Enter note:
Enter note:
Enter note:
Enter note:
Enter note: You are engulfed in poison gas.
You are lethally poisoned!
You feel very sick.
597 ||| Stepping ~*~*~tactically~*~*~ (cloud).
You feel very sick.
Items here: ! % ? [.
There is a lethal amount of poison in your body!
You feel very sick.
There is a lethal amount of poison in your body!
You feel sick.
There is a lethal amount of poison in your body!
You feel sick.
There is a lethal amount of poison in your body!
You feel sick.
There is a lethal amount of poison in your body!
You feel sick.
There is a lethal amount of poison in your body!
You die...

###############
###############
###############
###############
###############
###############
#######0.¤¤¤¤##
##¤00¤¤@.00#.##
##%#.#.###.#.##
#..###..#..#.##
######
#..#.#0###)#.##
#.....
#....0¤....#.####
#.####
#..###0#|#......###.#
#
#...#0¤###.####.....#
#
#..###0#.#.##########
# #.......().# #


There were no monsters in sight!

Vanquished Creatures
  A dart slug (D:1)
  4 endoplasms (D:1)
  A giant cockroach (D:1)
  2 goblins (D:1)
  2 hobgoblins (D:1)
  A quokka (D:1)
  2 ball pythons (D:1)
  3 bats (D:1)
  5 frilled lizards (D:1)
  2 kobolds (D:1)
  A rat (D:1)
24 creatures vanquished.

Notes
Turn   | Place    | Note
-------+----------+-------------------------------------------
     0 | D:1      | qw the Deep Elf Hunter began the quest for the Orb.
     0 | D:1      | Reached XP level 1. HP: 12/12 MP: 3/3
     0 | D:1      | 0 ||| qw: Version: 0.3-a-160-g6735b56
     0 | D:1      | 0 ||| qw: Game counter: 5313
     0 | D:1      | 0 ||| qw: Melee chars always use a shield: true
     0 | D:1      | 0 ||| qw: God list: Okawaru
     0 | D:1      | 0 ||| qw: Allow faded altars: false
     0 | D:1      | 0 ||| qw: Do Orc after clearing Dungeon:15 true
     0 | D:1      | 0 ||| qw: Do second Lair branch before Depths: true
     0 | D:1      | 0 ||| qw: Lair rune preference: random
     0 | D:1      | 0 ||| qw: Goals: Normal
     0 | D:1      | 0 ||| PLANNING D:1-11
   230 | D:1      | Reached skill level 6 in Ranged Weapons
   230 | D:1      | Reached XP level 2. HP: 16/16 MP: 4/4
   589 | D:1      | 589 ||| DROPPING scarf of shadows.
   590 | D:1      | 590 ||| UPGRADING to ring of resist corrosion.
   591 | D:1      | 591 ||| READING scroll labelled KATRIA PYECA.
   591 | D:1      | 591 ||| IDENTIFYING fizzy clear potion
   592 | D:1      | 592 ||| READING scroll labelled WOYGRO MIUN.
   593 | D:1      | 593 ||| READING scroll labelled IREOXE ASKIA.
   594 | D:1      | 594 ||| DROPPING scroll of butterflies.
   595 | D:1      | 595 ||| DROPPING potion of ambrosia.
   597 | D:1      | 597 ||| Stepping ~*~*~tactically~*~*~ (cloud).
   599 | D:1      | HP: 4/16 [poisoned by you (poison gas)]
   602 | D:1      | HP: 1/16 [poisoned by you (poison gas)]
   603 | D:1      | Succumbed to their own poison gas

Levels and vault maps discovered:
D:1:      doesnt_arrival_eight_statues, layout_loops_ring, minmay_heptomino_h4

Skill      XL: |  1 |
---------------+----+-----
Ranged Weapons | 6 |  6.6
Fighting       | |  1.5
Dodging        | |  2.4
Stealth        | |  1.2

Action                     || total
---------------------------++-------
   Fire: Shortbow          ||    57
    Use: Scroll            ||     3
 Armour: Leather armour    ||     8
  Dodge: Dodged            ||    10

Table legend:
 A = Non-vault XP
 B = Vault XP
 C = Vault XP percentage of total XP
 D = Non-vault monster count
 E = Vault monster count
 F = Vault count percentage of total count
                 A         B        C        D         E       F
            +---------+---------+-------+---------+---------+-------
      Total |      34 |       5 |  12.8 |      21 |       3 |  12.5
            +---------+---------+-------+---------+---------+-------
        D:1 |      34 |       5 |  12.8 |      21 |       3 |  12.5
            +---------+---------+-------+---------+---------+-------
